[Event "Late-Titled-Tuesday-Blitz-September-19-2023"]
[Site "Chess.com"]
[Date "2023.09.19"]
[Round "3"]
[White "ameetghasi100"]
[Black "Oleksandr_Bortnyk"]
[Result "0-1"]
[WhiteElo "2693"]
[BlackElo "3010"]
[TimeControl "180+1"]
[EndTime "14:28:10 PDT"]
[Termination "Oleksandr_Bortnyk won on time"]

1. b3 d5 2. Bb2 Bf5 3. d3 e6 4. Nd2 Nf6 5. g3 h6 6. Bg2 Be7 7. e4 Bh7 8. Ne2 O-O 9. O-O c6 10. a3 a5 11. h3 Qb6 12. Kh2 Rd8 13. Qe1 a4 14. b4 Na6 15. Rb1 dxe4 16. dxe4 Qc7 17.
Nf4 b5 18. c4 g5 19. Ne2 bxc4 20. Rc1 Rd3 21. Nxc4 Nxe4 22. Ne5 Rb3 23. Rxc6 Qd8 24.
Qc1 Bf6 25. Rd1 Qe8 26. Rc4 Rxb2 27. Qxb2 Nxf2 28. Bxa8 Nxd1 29. Qd2 Qxa8 30. Ng4 Nf2 31. Nxf2 h5 32. Nc3 Qf3 33. Nce4 h4 34. Nxf6+ Qxf6 35. gxh4 gxh4 36. Rg4+ Bg6 37. Qe3 Nc7 38. Qf4 Qb2 39. Qf3 Nb5 40. Kg1 Qa1+ 41. Kg2 Qxa3 42. Rxh4 Qxf3+ 43. Kxf3 a3 44. Rc4 a2 45. Rc8+ Kg7 46. Ra8 Bb1 47. Nd1 f5 48. Kf4 Kf6 49. Ra6 Nc7 50. Ra7 Nd5+ 51. Kg3 Nxb4 52. Nc3 e5 53. h4 e4 54. Kf4 Nd3+ 55. Ke3 Nc1 56. Nxa2 Bxa2 57.
Kd4 Be6 58. Ke3 Nd3 59. h5 Ne5 60. h6 Ng4+ 61. Kf4 Nxh6 62. Ra6 Nf7 63. Ra1 Ne5 64. Rh1 Ng6+ 65. Ke3 Bd5 66. Kd4 Bc6 67. Ra1 f4 68. Ra6 Ne7 69. Kc5 f3 70. Kd4 f2 71.
Ke3 f1=Q 0-1

[Event "Late-Titled-Tuesday-Blitz-September-19-2023"]
[Site "Chess.com"]
[Date "2023.09.19"]
[Round "3"]
[White "jk13"]
[Black "Parhamov"]
[Result "0-1"]
[WhiteElo "2645"]
[BlackElo "3031"]
[TimeControl "180+1"]
[EndTime "14:28:14 PDT"]
[Termination "Parhamov won by resignation"]

1. e4 c5 2. c3 Nf6 3. e5 Nd5 4. Bc4 Nb6 5. Bb3 Nc6 6. Nf3 c4 7. Bc2 Qc7 8. Qe2 g5 9. Na3 g4 10. Nb5 Qb8 11. Nh4 Nxe5 12. O-O a6 13.
Nd4 Nd5 14. f4 Nd3 15. Bxd3 cxd3 16. Qxd3 b5 17. a4 b4 18. c4 Nf6 19. b3 Bb7 20. Bb2 g3 21. h3 Qd6 22. Qe3 Rg8 23. Rae1 Qc5 24. Ndf5 Qxe3+ 25. Rxe3 Kd8 26. Rfe1 Nh5 27. Nxe7 Bxe7 28. Rxe7 Nxf4 29. Bf6 Nd3 30. R7e3+ Kc7 31.
Rxd3 Rae8 32. Rde3 Re6 33. Be5+ d6 34. Bf4 Kd7 35.
Rxe6 fxe6 36. Re3 e5 37. Bxg3 Rf8 38. Nf3 Rg8 39. Kh2 a5 40. c5 e4 41. Nd4 dxc5 42. Nb5 Bd5 43. d3 Bxb3 44. dxe4 Bxa4 45. Nd6 Bc2 46.
e5 Ke6 47. Nb7 c4 48. Nc5+ Kd5 49. Nd7 Rd8 50. e6 Bg6 51. Nf6+ Kc6 52. e7 Rd3 53. Re6+ Kb5 54. e8=Q+ Bxe8 55. Nxe8 c3 56. Nc7+ Ka4 57. Rc6 b3 58. Be5 b2 59. Rg6 b1=Q 60. Rg4+ Kb3 61. Nb5 c2 62. Nd4+ Rxd4 63. Bxd4 c1=Q 64. Rg3+ Kc4 65.
Rg4 Qh1+ 66. Kg3 Qd3+ 67. Kh4 Qxd4 0-1

[Event "Late-Titled-Tuesday-Blitz-September-19-2023"]
[Site "Chess.com"]
[Date "2023.09.19"]
[Round "3"]
[White "MajorCoast"]
[Black "Jaka_Brilej"]
[Result "1-0"]
[WhiteElo "2292"]
[BlackElo "2470"]
[TimeControl "180+1"]
[EndTime "14:28:19 PDT"]
[Termination "MajorCoast won by resignation"]

1. c3 d5 2. d4 Nf6 3. Nf3 c6 4. Bf4 Bf5 5. e3 e6 6. Bd3 Bg6 7. Ne5 Nbd7 8. h4 Nxe5 9. dxe5 Nd7 10. h5 Bxd3 11. Qxd3 h6 12. Nd2 Be7 13. Nf3 Qb6 14.
Qc2 O-O-O 15. O-O-O Nc5 16. Kb1 Ne4 17. Nd4 Kb8 18. f3 Nc5 19. Nb3 Nd7 20. Rhe1 Qc7 21. Qf2 Bg5 22. Qg3 Bxf4 23. exf4 Rhg8 24. Nd4 a6 25. f5 c5 26. fxe6 cxd4 27. exd7 dxc3 28. Rc1 d4 29. bxc3 dxc3 30. f4 Rxd7 31. Rxc3 Qa5 32.
f5 Ka8 33. e6 fxe6 34. fxe6 Re7 35. Rec1 Rxe6 36. Rc8+ Rxc8 37. Rxc8+ Ka7 38. Qb8+ Kb6 39.
Qc7+ Kb5 40. Qc4+ Kb6 41. Qxe6+ Ka7 42. Qb3 Qf5+ 43. Rc2 Qf1+ 44. Kb2 Qf6+ 45. Qc3 Qe6 46. Qc5+ Kb8 47. Qc4 Qe5+ 48. Qc3 Qe6 49. a3 Qb6+ 50.
Qb3 Qf6+ 51. Ka2 Qg5 52. g3 Qxh5 53. Qc3 Qg4 54. Qc7+ Ka7 55. Qc5+ Kb8 56. Qc4 Qxg3 57. Qc3 Qg4 58. Qc7+ Ka7 59. Qc3 Qe6+ 60. Kb1 Qg4 61. Rb2 Qe4+ 62. Ka1 Qh1+ 63. Ka2 Qd5+ 64. Qb3 Qc6 65.
Rc2 Qf6 66. Qe3+ Qb6 67. Qxb6+ Kxb6 68. Rf2 Kc5 69. Rf7 g5 70. Rh7 g4 71. Rxh6 Kd4 72. Rh4 Kc3 73. Rxg4 b5 74. Rg6 a5 75. Rg5 b4 76. axb4 axb4 77. Kb1 Kb3 78. Rg3+ Ka4 79. Kb2 b3 80. Rxb3 1-0

[Event "Late-Titled-Tuesday-Blitz-September-19-2023"]
[Site "Chess.com"]
[Date "2023.09.19"]
[Round "3"]
[White "MBA_CHESS_2021"]
[Black "Championnn-9"]
[Result "1/2-1/2"]
[WhiteElo "2175"]
[BlackElo "2503"]
[TimeControl "180+1"]
[EndTime "14:28:21 PDT"]
[Termination "Game drawn by repetition"]

1. d4 Nf6 2. c4 c6 3. Nc3 d5 4. Nf3 g6 5. cxd5 cxd5 6. Bf4 a6 7. e3 Bg7 8. h3 O-O 9. Bd3 Nc6 10. O-O Bf5 11. Bxf5 gxf5 12. Rc1 Rc8 13. a3 e6 14. b4 Ne4 15. Na4 b6 16. Qd3 a5 17.
b5 Na7 18. Rxc8 Nxc8 19. Rc1 Ncd6 20. Rc6 Nc4 21. Bc7 Qd7 22. Nxb6 Nxb6 23. Bxb6 Rc8 24. Qc2 Rb8 25. Bxa5 Rxb5 26. Rc8+ Bf8 27. Bb4 Nd6 28. Ra8 f6 29. g3 Rb7 30. Bxd6 Qxd6 31.
Qc8 Rg7 32. Kg2 Rc7 33. Qe8 Rf7 34. Qc8 Rc7 35. Qb8 Kg7 36. h4 h5 37. Ne1 Rc1 38. Nd3 Qxb8 39. Rxb8 Rc3 40. Nb4 Rxa3 41. Rb7+ Kg6 42. Nc6 Bd6 43. Nd8 e5 44. Nf7 Ra6 45.
Rd7 Bf8 46. dxe5 fxe5 47. Nxe5+ Kf6 48. Nd3 Rd6 49. Rh7 Kg6 50. Rb7 d4 51. Nf4+ Kh6 52.
exd4 Rxd4 53. Rb5 Bd6 54. Rxf5 Bxf4 55. Rxf4 Rd1 56. Rf6+ Kg7 57. Rf5 Kg6 58. Rg5+ Kh6 59. Ra5 Rd4 60. Ra3 Rb4 61. f4 Kg6 62. Kf3 Rb5 63.
Ra4 Rb3+ 64. Kg2 Rb2+ 65. Kh3 Rb3 66. Ra6+ Kf5 67. Rh6 Ke4 68. Rxh5 Kf3 69. Rg5 Rb1 70.
Kh2 Rb2+ 71. Kh3 Rb1 72. Kh2 Rb2+ 73. Kh3 Rb1 1/2-1/2

[Event "Late-Titled-Tuesday-Blitz-September-19-2023"]
[Site "Chess.com"]
[Date "2023.09.19"]
[Round "3"]
[White "Aleksandar-Topalov"]
[Black "Baronessa08"]
[Result "0-1"]
[WhiteElo "2347"]
[BlackElo "2556"]
[TimeControl "180+1"]
[EndTime "14:28:24 PDT"]
[Termination "Baronessa08 won on time"]

1. b3 d5 2. Bb2 c5 3. e3 Nc6 4. Bb5 e6 5. Nf3 Nf6 6. O-O Bd6 7. Bxc6+ bxc6 8. Ne5 Qc7 9. f4 a5 10. a4 Rb8 11. d3 Ba6 12. Nd2 O-O 13. Rf3 Ne8 14.
Rg3 f6 15. Nef3 e5 16. fxe5 fxe5 17. e4 Qf7 18. Qe2 d4 19. Rf1 Nf6 20. Nh4 Qh5 21. Qxh5 Nxh5 22. Rgf3 Rxf3 23. Rxf3 Nf4 24. Nf5 Bf8 25. g3 Ne2+ 26. Kf2 Nc3 27. Bxc3 dxc3 28. Nc4 Rxb3 29. Nxa5 Rb2 30. Ne3 Bxd3 31. Nxc6 Bxe4 32. Nxe5 Bxf3 33. Kxf3 g6 34. N5c4 Ra2 35.
a5 Bh6 36. Ke4 Kf7 37. Kd3 Ke6 38. Kxc3 Bxe3 39. Nxe3 Ra3+ 40. Kd2 Rxa5 41. Kd3 Ra1 42. Ke4 Kd6 43. c4 Ke6 44. h4 Ra3 45. Kf4 Rc3 46. Ke4 Rc1 47. Kf4 Re1 48. Ke4 h6 49. Kf4 Re2 50.
Kf3 Ra2 51. Ke4 Ra3 52. Kf4 Kf6 53. Ke4 g5 54. h5 Ke6 55. g4 Ra1 56. Nf5 Re1+ 57. Kd3 Rd1+ 58. Ke3 Rc1 59. Kd3 Kf6 60. Nxh6 Rg1 61. Ke4 Rd1 62. Nf5 Rd2 63. h6 Rd1 64.
Ne3 Rh1 65. Nf5 Kg6 66. Kd5 Rg1 67. Ne3 Re1 68. Nf5 Rg1 0-1

[Event "Late-Titled-Tuesday-Blitz-September-19-2023"]
[Site "Chess.com"]
[Date "2023.09.19"]
[Round "3"]
[White "Alphafischer2019"]
[Black "Bauman_Guy"]
[Result "0-1"]
[WhiteElo "2619"]
[BlackElo "2898"]
[TimeControl "180+1"]
[EndTime "14:28:41 PDT"]
[Termination "Bauman_Guy won by resignation"]

1. Nf3 d5 2. g3 c6 3. Bg2 Bg4 4. d3 Nd7 5. Nbd2 Ngf6 6. h3 Bh5 7. O-O e5 8. e4 Bd6 9. Qe2 O-O 10. g4 Bg6 11. Nh4 dxe4 12. dxe4 Re8 13. Nf5 Bf8 14. Nf3 Qc7 15. Bg5 Nc5 16. Bxf6 gxf6 17. h4 Ne6 18. Rfd1 Nf4 19. Qe3 Qa5 20. Ng3 h6 21. Bf1 Bc5 22. Qd2 Qb6 23. c3 Rad8 24. Qc2 a5 25. Ne1 h5 26. Nd3 hxg4 27. Nxc5 Qxc5 28. Rxd8 Rxd8 29. Rd1 Qb6 30. Rd2 Nh5 31. Kh2 Kh7 32. Rxd8 Qxd8 33. Qe2 Qd7 34. Qd3 Qe6 35. Qc4 Nf4 36. Qxe6 fxe6 37. Bc4 Kg7 38. Kg1 Kf8 39. Kf1 Ke7 40. Ke1 f5 41. Bb3 Nh5 42.
Nxh5 Bxh5 43. Bc2 f4 44. Kf1 Kd6 45. Kg2 Bg6 46. f3 g3 47. Bd1 Kc5 48. Be2 b5 49. Bd3 b4 50. Be2 Bf7 51. a3 bxa3 52.
bxa3 Kd6 53. Bd3 Ke7 54. Be2 Kf6 55. Bd3 Be8 56. Ba6 c5 57. Bc4 Ba4 58. Be2 Bc2 59. Bb5 Bd1 60. Bc4 Kf7 61. Bb5 Kg6 62. Bc4 Kh5 63.
Bxe6 Kxh4 64. Bc4 Kg5 65. Bd3 Kf6 66. Bc4 Ke7 67. Bd5 Kd6 68. Bc4 Bc2 69. Be2 Bb3 70. Bb5 Kc7 71. Bd3 c4 72. Be2 Kc6 73. Kh3 Kb5 74. Bf1 Ka4 75. Kg4 Kxa3 76. Kf5 Kb2 77. Kxe5 a4 78. Kxf4 a3 79. e5 a2 80. e6 a1=Q 81.
e7 Qa8 82. Kxg3 Qe8 0-1

[Event "Late-Titled-Tuesday-Blitz-September-19-2023"]
[Site "Chess.com"]
[Date "2023.09.19"]
[Round "3"]
[White "moro182"]
[Black "Pingah9"]
[Result "1-0"]
[WhiteElo "2806"]
[BlackElo "2534"]
[TimeControl "180+1"]
[EndTime "14:28:43 PDT"]
[Termination "moro182 won by resignation"]

1. d4 g6 2. e4 Bg7 3. Nc3 d6 4. Be3 Nd7 5. Nf3 a6 6. a4 e6 7. Qd2 h6 8. Bc4 Ne7 9. O-O b6 10.
Rfe1 Bb7 11. Bf1 Kf8 12. Rad1 Kg8 13. h3 Kh7 14. Bf4 Rf8 15. Bh2 g5 16. Bd3 Kg8 17. d5 e5 18. Ne2 f5 19. exf5 Nxf5 20. Bxf5 Rxf5 21. Ng3 Rf7 22. Ne4 Nf6 23. Nxf6+ Qxf6 24. c3 Raf8 25. Qe3 Qg6 26. Bg3 Qc2 27. a5 bxa5 28.
Qe4 Qb3 29. c4 Bc8 30. c5 Bf5 31. Qe3 Qxe3 32. Rxe3 Bxh3 33. Nxg5 Bg4 34. f3 hxg5 35. fxg4 Rb8 36. Rd2 Rb4 37. Ra3 Rxg4 38. c6 Rf8 39.
Kh2 a4 40. b3 Rb8 41. Kh3 Re4 42. Rxa4 Rxa4 43. bxa4 Rb4 44. a5 Kf7 45. Rf2+ Kg6 46. Rd2 Rb5 47. Kg4 Rxa5 48. Rb2 Rxd5 49. Rb7 Rd4+ 50.
Kf3 Rd3+ 51. Kg4 Rd4+ 52. Kf3 Rc4 53. Rxc7 a5 54. Bf2 Bf6 55. Rc8 g4+ 56. Ke2 Kf5 57. c7 Rc2+ 58. Kd1 Rc6 59. Bb6 Ke6 60. Re8+ Kd7 61.
Rd8+ Ke6 62. c8=Q+ Rxc8 63. Rxc8 a4 64. Ra8 d5 65.
Rxa4 e4 66. Ke2 Bg5 67. Be3 Bf6 68. Ra6+ Kf5 69. Rb6 Be5 70. Rb5 Ke6 71. Rb4 Kf5 72. Bd4 Bf4 73. Rb5 Ke6 74. Rb6+ Kf5 75. Rf6+ Kg5 76. Rf7 Bg3 77. Rd7 1-0

[Event "Late-Titled-Tuesday-Blitz-September-19-2023"]
[Site "Chess.com"]
[Date "2023.09.19"]
[Round "3"]
[White "Hirna2005"]
[Black "Aariow"]
[Result "1-0"]
[WhiteElo "2378"]
[BlackElo "2495"]
[TimeControl "180+1"]
[EndTime "14:28:43 PDT"]
[Termination "Hirna2005 won by checkmate"]

1. e4 c5 2. c3 d5 3. exd5 Qxd5 4. Nf3 Nc6 5. Na3 Bg4 6. Be2 e5 7. O-O Nf6 8. Re1 Be7 9. d4 e4 10. Nd2 Bxe2 11. Qxe2 cxd4 12. Nb5 Rc8 13. c4 Qd7 14. Nxe4 O-O 15. Bf4 a6 16. Nxf6+ Bxf6 17. Nd6 Rcd8 18. Ne4 Be7 19. Rad1 Rfe8 20. Qf3 f5 21. Nd2 g5 22.
Qg3 Kh8 23. Be5+ Kg8 24. Nf3 f4 25. Bxf4 Kh8 26. Bxg5 Bxg5 27. Qxg5 Rg8 28. Qf6+ Qg7 29. Qxg7+ Rxg7 30. Re4 Rgd7 31. a3 Kg7 32. Rd3 Kf6 33. Kf1 Kf5 34. Rh4 Kg6 35. Ke2 b5 36. cxb5 axb5 37.
Kd2 Na5 38. Kc2 Rc7+ 39. Kb1 Rcd7 40. Rhxd4 Rxd4 41. Rxd4 Re8 42. Rd6+ Kf5 43. Rb6 Re2 44. Rxb5+ Kg4 45. Rxa5 Rxf2 46. Rg5+ Kf4 47. Rg7 h5 48. Nh4 Ke4 49. Rg5 Kd4 50. Rxh5 Kc4 51. Ka2 Kd3 52. Rg5 Kc2 53. Ng6 Kc1 54. Rc5+ Kd1 55. g4 Rxh2 56. g5 Rg2 57. Ne7 Re2 58. Nd5 Rg2 59.
Nc3+ Kc1 60. Na4+ Kd1 61. Nb6 Kd2 62. a4 Rg4 63. b3 Kd3 64. Ka3 Rg1 65. a5 Ra1+ 66.
Kb4 Kd4 67. Rc4+ Ke5 68. g6 Rg1 69. Rc6 Kd4 70. a6 Ra1 71. Na4 Kd5 72. Rc5+ Kd6 73. a7 Rd1 74. a8=Q Rd4+ 75. Ka3 Rd1 76. Qd8+ Ke6 77. Qxd1 Kf6 78. Qf1+ Kg7 79. Rc7+ Kh6 80. Qh3+ Kg5 81. Qg3+ Kf6 82. Qf4+ Ke6 83. Qe4+ Kf6 84. g7 Kg5 85. g8=Q+ Kh6 86. Qgh7+ Kg5 87. Qeh4# 1-0

[Event "Late-Titled-Tuesday-Blitz-September-19-2023"]
[Site "Chess.com"]
[Date "2023.09.19"]
[Round "3"]
[White "azikom"]
[Black "Fleetw00dMac"]
[Result "1-0"]
[WhiteElo "2631"]
[BlackElo "2458"]
[TimeControl "180+1"]
[EndTime "14:29:33 PDT"]
[Termination "azikom won by resignation"]

1. e4 e5 2. Nc3 Nf6 3. Bc4 Nxe4 4. Qh5 Nd6 5. Qxe5+ Qe7 6. Qxe7+ Bxe7 7. Bb3 c6 8.
Nf3 Nf5 9. Ne4 d5 10. Ng3 Na6 11. d4 Nc7 12. c3 Nxg3 13. hxg3 Bf5 14. Nh4 Bd3 15.
Be3 h6 16. Kd2 Bh7 17. g4 Bxh4 18. Rxh4 Ne6 19. Rah1 f6 20. Bd1 Kf7 21. a4 Rhe8 22.
b3 Bg6 23. f3 Rac8 24. R4h2 c5 25. dxc5 Nxc5 26. b4 Nd3 27. Bb3 Red8 28. Bxa7 Ne5 29.
Bd4 Nc4+ 30. Bxc4 dxc4 31. a5 Re8 32. Ra1 Bd3 33. g3 Re6 34. Re1 Rce8 35. Rxe6 Rxe6 36. f4 Re8 37. Rf2 Kg6 38. Rh2 Kf7 39. g5 fxg5 40. fxg5 hxg5 41. Rh7 Re2+ 42. Kd1 Bxh7 43. Kxe2 Be4 44.
Ke3 Bd5 45. Be5 g6 46. Kd4 Ke6 47. Bg7 g4 48. Kc5 Bf3 49. Kb6 Kd7 50. Kc5 Be2 51. Be5 Kc8 52. Kb6 Bf3 53. b5 Be4 54. a6 bxa6 55. Kxa6 Bf3 56. Kb6 Be4 57. Kc5 Bd3 58.
Bd4 Kb7 59. Kb4 Be2 60. Bg7 Bd3 61. Bf8 Be2 62. Be7 Bd3 63. Bg5 Be2 64. Be3 Bd3 65. Kc5 Be2 66. b6 Bd3 67. Bf4 Be2 68. Bc7 Bd3 69. Kd4 Be2 70. Ke3 Bd3 71. Kf2 Bf5 72. Ke3 Be6 73. Ke4 Bf5+ 74. Kd5 Bd3 75. Kd4 Be2 76. Ke3 Bd3 77. Kf4 Bf5 78. Kg5 Be6 79. Kxg6 Bd7 80. Kf6 Bc6 81. Ke5 Bf3 82. Kf4 Be2 83.
Ke4 Bf3+ 84. Kd4 Be2 85. Kc5 Bd3 86. Bd8 Be2 87. Bg5 Bd3 88. Be3 Be2 89. Kb5 Bd3 90.
Kb4 Be2 91. Kc5 Bd3 92. Kd5 Be2 93. Ke5 Bd3 94. Kf4 Be2 95. Bd4 Bf3 96. Ke3 Bd5 97.
Bc5 Be6 98. Ke4 Bf7 99. Kf5 Bh5 100. Kg5 1-0

[Event "Late-Titled-Tuesday-Blitz-September-19-2023"]
[Site "Chess.com"]
[Date "2023.09.19"]
[Round "3"]
[White "eCztery"]
[Black "Tomytoteph"]
[Result "0-1"]
[WhiteElo "2413"]
[BlackElo "2580"]
[TimeControl "180+1"]
[EndTime "14:29:58 PDT"]
[Termination "Tomytoteph won on time"]

1. e4 c5 2. Nf3 g6 3. h4 h5 4. d4 cxd4 5. Qxd4 Nf6 6. Nc3 Nc6 7.
Qa4 d6 8. e5 dxe5 9. Nxe5 Qd4 10. Nc4 Ng4 11. Be3 Nxe3 12. fxe3 Qc5 13. Nb5 Bh6 14.
Nc7+ Kf8 15. Nxa8 Bxe3 16. Nxe3 Qxe3+ 17. Be2 Bg4 18. Qc4 Kg7 19. Qc3+ Qxc3+ 20. bxc3 Bxe2 21. Kxe2 Rxa8 22. Rad1 Ne5 23. Rh3 Rc8 24. Re3 f6 25. a4 Rc4 26. a5 Rc5 27. Rb1 Rc7 28. Rb4 Kf7 29. Ree4 Rd7 30. Red4 Rc7 31. Kd2 Rc5 32. Rxb7 Rxa5 33. Rd8 Ra1 34. Rh8 a5 35. Rh7+ Ke6 36.
Rhxe7+ Kf5 37. Ra7 Rg1 38. Rxa5 Rxg2+ 39. Kc1 Rh2 40.
Ra4 Ng4 41. c4 Rxh4 42. c5 Rh1+ 43. Kb2 Ne5 44. Ra6 Re1 45. Kc3 Re3+ 46. Kd4 Re2 47.
Rc7 Rxc2 48. c6 h4 49. Rc8 h3 50. c7 h2 51. Ra1 g5 52. Kd5 g4 53. Rf1+ Nf3 54.
Kd6 Kf4 55. Rh8 g3 56. Rh4+ Kg5 57. Rh8 Kg4 58. Rg8+ Kf4 59. Kd7 f5 60. c8=Q Rxc8 61. Kxc8 Ke3 62. Kd7 Ke2 63. Ra1 Ne5+ 64. Ke6 Ng4 65.
Kxf5 g2 66. Rxg4 h1=Q 67. Ra2+ Ke3 68. Rgxg2 Qh3+ 69. Kf6 Qh6+ 70. Ke5 Qf4+ 71. Kd5 Qe4+ 72. Kc5 Qd4+ 73. Kb5 Qd3+ 74. Kb4 Qd6+ 75. Kc4 Qc7+ 76. Kb3 Kf3 77. Raf2+ Ke3 78. Re2+ Kf3 79. Rgf2+ Kg3 80. Rc2 Qb6+ 81. Ka2 Qa5+ 82. Kb1 Qe1+ 83. Kb2 Qb4+ 84.
Ka2 Qa5+ 85. Kb1 Qb4+ 86. Ka1 Qa3+ 87. Kb1 Qb3+ 88. Rb2 Qd1+ 89. Ka2 Kg4 90. Rg2+ Kf3 91. Rgc2 Qd5+ 92. Rb3+ Ke4 93. Re2+ Kf4 94. Rc2 Qa5+ 95.
Kb2 Qe5+ 96. Rcc3 Qe2+ 97. Ka3 Qa6+ 98. Kb2 Qe2+ 99. Rc2 Qe5+ 100. Ka2 Qa5+ 101. Kb1 Ke4 102. Rc4+ Kd5 103. Rcb4 Kc6 104. Kb2 Kc5 105. Kc3 Qa1+ 106. Kc2 Qa2+ 107. Rb2 Qa5 108. R4b3 Kc4 109. Rb1 Qa2+ 110. R1b2 Qa4 111. Rb1 Kd4 112. Kb2 Qc4 0-1

[Event "Late-Titled-Tuesday-Blitz-September-19-2023"]
[Site "Chess.com"]
[Date "2023.09.19"]
[Round "4"]
[White "pirulillo"]
[Black "jaskol95"]
[Result "0-1"]
[WhiteElo "2376"]
[BlackElo "2546"]
[TimeControl "180+1"]
[EndTime "14:32:11 PDT"]
[Termination "jaskol95 won by resignation"]

1. e4 d5 2. exd5 Nf6 3. d4 Bg4 4. Be2 Bxe2 5. Qxe2 Qxd5 6. Nf3 Nc6 7. Be3 e6 8. O-O Qh5 9. c4 Bd6 10. c5 Bxh2+ 0-1

[Event "Late-Titled-Tuesday-Blitz-September-19-2023"]
[Site "Chess.com"]
[Date "2023.09.19"]
[Round "4"]
[White "jefferyx"]
[Black "Byniolus"]
[Result "1/2-1/2"]
[WhiteElo "3003"]
[BlackElo "2790"]
[TimeControl "180+1"]
[EndTime "14:32:21 PDT"]
[Termination "Game drawn by repetition"]

1. d4 d5 2. c4 c6 3. Nf3 Nf6 4. cxd5 cxd5 5. Nc3 Nc6 6. Bf4 Qb6 7. e3 Qxb2 8. Nb5 e5 9. a3 exf4 10. Rb1 Qa2 11. Ra1 Qb2 12. Rb1 Qa2 13. Ra1 Qb2 14. Rb1 1/2-1/2

[Event "Late-Titled-Tuesday-Blitz-September-19-2023"]
[Site "Chess.com"]
[Date "2023.09.19"]
[Round "4"]
[White "szachmistrz2500"]
[Black "egnfanclub"]
[Result "1-0"]
[WhiteElo "2505"]
[BlackElo "2348"]
[TimeControl "180+1"]
[EndTime "14:32:40 PDT"]
[Termination "szachmistrz2500 won by resignation"]

1. Nf3 Nf6 2. g3 c5 3. Bg2 Nc6 4. O-O e5 5. c4 d5 6. cxd5 Nxd5 7. Nc3 Nc7 8. e3 Be7 9. b3 Bg4 10. h3 Bh5 11. Bb2 O-O 12. Rc1 f6 13. Na4 b6 14. Nh4 Qd7 15. Qxh5 1-0

[Event "Late-Titled-Tuesday-Blitz-September-19-2023"]
[Site "Chess.com"]
[Date "2023.09.19"]
[Round "4"]
[White "19912131712118"]
[Black "campochess"]
[Result "1-0"]
[WhiteElo "2446"]
[BlackElo "2167"]
[TimeControl "180+1"]
[EndTime "14:32:53 PDT"]
[Termination "19912131712118 won by checkmate"]

1. e4 c5 2. Nf3 Nc6 3. d4 cxd4 4. Nxd4 e5 5. Nb5 a6 6. N5c3 Bc5 7. Nd5 Nge7 8.
Nbc3 Ng6 9. a4 O-O 10. Bc4 d6 11. h4 Nh8 12. Bg5 Qa5 13. Qf3 Be6 14. O-O Nd4 15. Ne7# 1-0

[Event "Late-Titled-Tuesday-Blitz-September-19-2023"]
[Site "Chess.com"]
[Date "2023.09.19"]
[Round "4"]
[White "Dubs123"]
[Black "Hoshka"]
[Result "1-0"]
[WhiteElo "2305"]
[BlackElo "2048"]
[TimeControl "180+1"]
[EndTime "14:33:01 PDT"]
[Termination "Dubs123 won by resignation"]

1. d4 d5 2. c4 dxc4 3. Nf3 a6 4. e3 Nf6 5. Bxc4 e6 6. O-O b5 7. Be2 Bb7 8. b3 Nbd7 9. Bb2 Bd6 10. a4 O-O 11. axb5 axb5 12. Rxa8 Qxa8 13. Bxb5 Rd8 14. Nbd2 c5 15. Nc4 Be7 16. Bxd7 Rxd7 17. Nb6 Bxf3 18.
gxf3 Qa7 19. Nxd7 Qxd7 20. dxc5 Qc6 21. Bxf6 Bxf6 22. Qd6 1-0

[Event "Late-Titled-Tuesday-Blitz-September-19-2023"]
[Site "Chess.com"]
[Date "2023.09.19"]
[Round "4"]
[White "angelgab3"]
[Black "Nikachu"]
[Result "1-0"]
[WhiteElo "2581"]
[BlackElo "2197"]
[TimeControl "180+1"]
[EndTime "14:33:22 PDT"]
[Termination "angelgab3 won by resignation"]

1. e4 c5 2. Nf3 d6 3. d4 cxd4 4. Nxd4 Nf6 5. Nc3 a6 6. Bg5 e6 7. f4 Qb6 8. Qd2 Nc6 9. Nb3 Ng4 10. f5 h6 11. Bf4 Nge5 12. O-O-O Be7 13. Be2 Qc7 14.
Kb1 b5 15. Rhe1 Bb7 16. g4 b4 17. Nd5 exd5 18. exd5 Na5 19. Bxe5 Nxb3 20. axb3 dxe5 21. d6 Bxd6 22. Qxd6 Qxd6 23. Rxd6 Ke7 24. Rb6 Ra7 25. Bc4 f6 26. Re6+ Kd7 27. Rd1+ Kc8 28. Re7 h5 29.
gxh5 Rxh5 30. Be6+ Kb8 31. Rd8+ 1-0

[Event "Late-Titled-Tuesday-Blitz-September-19-2023"]
[Site "Chess.com"]
[Date "2023.09.19"]
[Round "4"]
[White "SandwichOSaumon"]
[Black "greekplayer1"]
[Result "0-1"]
[WhiteElo "2521"]
[BlackElo "2715"]
[TimeControl "180+1"]
[EndTime "14:33:25 PDT"]
[Termination "greekplayer1 won by resignation"]

1. e4 a6 2. c4 b5 3. cxb5 axb5 4. Bxb5 Bb7 5. Nc3 e6 6. Nge2 Nf6 7. d3 c6 8. Bc4 d5 9. Bb3 d4 10. Nb1 Be7 11. O-O c5 12. f4 O-O 13. Nd2 Nc6 14.
Nf3 Nb4 15. Bc4 Qb6 16. a3 Nc6 17. Ng3 Na5 18. Ba2 c4 19. Kh1 cxd3 20. Qxd3 Ba6 21. Qd1 Bxf1 22. Qxf1 Nb3 23. Bxb3 Qxb3 24. Nxd4 Qa4 25.
Be3 e5 26. fxe5 Ng4 27. Bf4 Qxd4 28. Nf5 Qd7 29. Rd1 Qe6 30. Rd5 Rad8 31. Qd3 Rxd5 32.
exd5 Nf2+ 33. Kg1 Nxd3 34. dxe6 Bc5+ 35. Be3 fxe6 36. Bxc5 Rxf5 37. Bd4 Nxe5 38. b4 Nc6 39. Bc5 e5 40. a4 e4 41. a5 Nxa5 0-1

[Event "Late-Titled-Tuesday-Blitz-September-19-2023"]
[Site "Chess.com"]
[Date "2023.09.19"]
[Round "4"]
[White "bazar-wokzal"]
[Black "DishonorOnYourCow"]
[Result "1-0"]
[WhiteElo "2649"]
[BlackElo "2484"]
[TimeControl "180+1"]
[EndTime "14:33:26 PDT"]
[Termination "bazar-wokzal won by resignation"]

1. e4 c5 2. c3 Nf6 3. e5 Nd5 4. d4 cxd4 5. cxd4 Nc6 6. Nc3 e6 7. f4 d6 8. Nf3 dxe5 9. fxe5 Bb4 10. Qd3 O-O 11. Bd2 f6 12. exf6 Qxf6 13. Be2 Nf4 14. Bxf4 Qxf4 15. O-O Rd8 16. Rad1 Nxd4 17. Nxd4 Qe4 18.
Qxe4 1-0

[Event "Late-Titled-Tuesday-Blitz-September-19-2023"]
[Site "Chess.com"]
[Date "2023.09.19"]
[Round "4"]
[White "ozates"]
[Black "Hooded_Old_Man"]
[Result "1-0"]
[WhiteElo "2591"]
[BlackElo "2263"]
[TimeControl "180+1"]
[EndTime "14:34:14 PDT"]
[Termination "ozates won by resignation"]

1. e4 c5 2. Nf3 d6 3. c3 Nf6 4. Bd3 Nc6 5. Bc2 Bg4 6. d3 e6 7. Nbd2 Be7 8. h3 Bxf3 9. Nxf3 O-O 10. O-O d5 11. exd5 exd5 12. d4 Re8 13. Be3 c4 14. b3 b5 15. bxc4 dxc4 16. Qd2 Nd5 17. Bg5 Bxg5 18.
Nxg5 h6 19. Ne4 Qh4 20. Rfe1 a5 21. Nd6 Rxe1+ 22. Rxe1 b4 23. Be4 bxc3 24. Qd1 Rd8 25. Nxf7 Kxf7 26. Bxd5+ Rxd5 27. Qf3+ Kg6 28. Qxd5 Qxd4 29.
Qxc6+ 1-0

[Event "Late-Titled-Tuesday-Blitz-September-19-2023"]
[Site "Chess.com"]
[Date "2023.09.19"]
[Round "4"]
[White "Marticafierro"]
[Black "Goryachkina"]
[Result "0-1"]
[WhiteElo "2400"]
[BlackElo "2673"]
[TimeControl "180+1"]
[EndTime "14:34:26 PDT"]
[Termination "Goryachkina won by resignation"]

1. e4 c6 2. c4 d5 3. cxd5 cxd5 4. exd5 Nf6 5. Qa4+ Nbd7 6. Nc3 g6 7. Bc4 Bg7 8.
d3 O-O 9. Nf3 a6 10. Qa3 b6 11.
Be3 Bb7 12. O-O b5 13. Bb3 Ng4 14. Rfe1 Nxe3 15. Rxe3 Qb6 16. Qxe7 Rad8 17. Rae1 Nc5 18. Bc2 Bf6 19. d6 Rxd6 20. d4 Bxe7 21. dxc5 Qxc5 22.
Rxe7 Bxf3 23. gxf3 Rd2 24. R1e2 Rxc2 25. Rxc2 Qxe7 26. Nd5 Qg5+ 0-1

[Event "Late-Titled-Tuesday-Blitz-September-19-2023"]
[Site "Chess.com"]
[Date "2023.09.19"]
[Round "4"]
[White "dianosky"]
[Black "CheckThis4"]
[Result "0-1"]
[WhiteElo "2503"]
[BlackElo "2679"]
[TimeControl "180+1"]
[EndTime "14:34:29 PDT"]
[Termination "CheckThis4 won by checkmate"]

1. d4 Nf6 2. c4 e5 3. dxe5 Ng4 4.
Bf4 Bb4+ 5. Nd2 d6 6. Nf3 dxe5 7. Nxe5 Bxd2+ 8. Qxd2 Qxd2+ 9. Kxd2 Nxf2 10. Rg1 Ne4+ 11. Ke3 Nd6 12. c5 Nf5+ 13. Kf2 Nd4 14. Rc1 Ne6 15.
Bg3 Nd7 16. c6 Nxe5 17. cxb7 Ng4+ 18. Kf3 Bxb7+ 19. Kxg4 h5+ 20. Kf5 g6+ 21. Kf6 h4 22. Bf2 Rh5 23. e4 Bxe4 24. Bb5+ c6 25. Rxc6 Rf5# 0-1

[Event "Late-Titled-Tuesday-Blitz-September-19-2023"]
[Site "Chess.com"]
[Date "2023.09.19"]
[Round "4"]
[White "gabduschew"]
[Black "chessprincesa1"]
[Result "1-0"]
[WhiteElo "2368"]
[BlackElo "2232"]
[TimeControl "180+1"]
[EndTime "14:34:32 PDT"]
[Termination "gabduschew won by resignation"]

1. g3 c6 2. Bg2 d5 3. d3 Bf5 4. Nd2 Nf6 5. e4 dxe4 6. dxe4 Bg6 7. Ne2 e6 8. O-O Bc5 9. Nf4 O-O 10. Qe2 Nbd7 11. c3 e5 12. Nxg6 hxg6 13. Nb3 Bb6 14. a4 Qe7 15. a5 Bc7 16. Be3 b6 17. Qc4 Qe6 18. Qxe6 fxe6 19. f3 Ne8 20. Rfd1 Rf7 21. Bh3 Re7 22. Rxd7 Rxd7 1-0